 Dungeon Crawl Stone Soup version 0.30.1-11-g7821555f0a (webtiles) character file.

Game seed: 10068232395307320344

1795 MacCMillion the Cleaver (level 9, -2/70 HPs)
             Began as a Ghoul Fighter on Dec 3, 2023.
             Was an Initiate of Okawaru.
             Slain by an orc warrior
             ... wielding a +0 halberd
              (11 damage)
             ... on level 7 of the Dungeon.
             The game lasted 00:11:09 (6275 turns).

MacCMillion the Cleaver (Ghoul Fighter)             Turns: 6275, Time: 00:11:10

Health: -2/70      AC: 18    Str: 24    XL:     9   Next: 9%
Magic:  0/8        EV:  6    Int:  3    God:    Okawaru [......]
Gold:   77         SH:  5    Dex: 14    Spells: 8/8 levels left

rFire   . . .        a - +0 war axe
rCold   + . .        c - +0 buckler
rNeg    + + +        r - +0 plate armour
rPois   ∞            (no helmet)
rElec   .            (no cloak)
rCorr   .            y - +0 pair of gloves
SInv    .            M - +1 pair of boots
Will    .....        I - amulet of guardian spirit Stlth
                     n - +4 ring of protection
HPRegen 0.00/turn    p - +6 ring of dexterity
MPRegen 0.11/turn

%: guardian spirit
@: inhibited regen
A: claws 1, cold resistance 1, negative energy resistance 3, inhibited
regeneration, torment resistance 2, devour on kill
a: Renounce Religion


You were on level 7 of the Dungeon.
You worshipped Okawaru.
Okawaru was noncommittal.
You visited 2 branches of the dungeon, and saw 8 of its levels.
You also visited: Sewer.

You collected 272 gold pieces.
You spent 195 gold pieces at shops.

Inventory:

Hand Weapons
 a - a +0 war axe (weapon)
 l - a +3 whip
 s - a +1 whip of electrocution
Missiles
 k - 12 boomerangs (quivered)
 u - 4 curare-tipped darts
 P - 6 poisoned darts
Armour
 c - a +0 buckler (worn)
 r - a +0 plate armour (worn)
 y - a +0 pair of gloves (worn)
 M - a +1 pair of boots (worn)
Jewellery
 i - a ring of flight
 n - a +4 ring of protection (left hand)
 p - a +6 ring of dexterity (right hand)
 C - an amulet of the acrobat
 I - an amulet of guardian spirit (around neck)
 J - an amulet of magic regeneration
Wands
 A - a wand of iceblast (13)
 K - a wand of charming (7)
Scrolls
 b - 2 scrolls of enchant weapon {unknown}
 f - 3 scrolls of noise {unknown}
 h - 2 scrolls of amnesia {unknown}
 j - 2 scrolls of fear {unknown}
 m - 2 scrolls of immolation {unknown}
 q - a scroll of silence {unknown}
 t - 2 scrolls of teleportation {unknown}
 v - a scroll of magic mapping {unknown}
 w - a scroll of enchant armour {unknown}
 E - 3 scrolls of torment {unknown}
 F - a scroll of poison {unknown}
 G - 3 scrolls of fog {unknown}
 H - 3 scrolls of identify {unknown}
 L - a scroll of summoning {unknown}
 N - a scroll of acquirement {unknown}
 O - a scroll of blinking {unknown}
Potions
 d - 2 potions of might
 e - 2 potions of cancellation {unknown}
 g - 5 potions of curing {unknown}
 o - 3 potions of magic {unknown}
 x - a potion of brilliance {unknown}
 z - a potion of ambrosia {unknown}
 B - 2 potions of mutation {unknown}
 D - a potion of heal wounds {unknown}
 Q - a potion of degeneration {unknown}
 R - a potion of invisibility {unknown}


   Skills:
 + Level 3.5 Fighting
 + Level 10.0 Axes
 + Level 2.9 Armour
 - Level 4.0 Shields
 + Level 1.0 Invocations


You had 8 spell levels left.
You didn't know any spells.
Your spell library contained the following spells:

 Spells                   Type           Power      Damage    Failure   Level
 Portal Projectile        Hex/Tloc       0%         N/A       100%        3
 Leda's Liquefaction      Hex/Erth       0%         N/A       100%        4
 Eringya's Noxious Bog    Tmut/Pois      0%         N/A       100%        6
 Summon Small Mammal      Summ           Unusable   N/A       N/A         1
 Call Canine Familiar     Summ           Unusable   N/A       N/A         3
 Summon Guardian Golem    Hex/Summ       Unusable   N/A       N/A         3
 Dragon Form              Tmut           Unusable   N/A       N/A         7

Dungeon Overview and Level Annotations

Branches:
Dungeon (7/15)             Temple (1/1) D:7           Sewer (visited)

Altars:
Gozag
Hepliaklqana
Kikubaaqudgha
Nemelex Xobeh
Okawaru
Qazlal
Ru
Trog
Uskayaw
Xom
Yredelemnul

Shops:
D:3 *:[[

Annotations:
D:2 Sigmund
D:6 exclusion: moth of wrath


Innate Abilities, Weirdness & Mutations

You are immune to poison.
You have sharp fingernails.
Your flesh is cold resistant. (rC+)
You are immune to negative energy. (rN+++)
You do not regenerate when monsters are visible.
You are immune to unholy pain and torment.
You thrive by killing the living.


Message History

The orc warrior is lightly wounded.
You slash the orc!
You kill the orc!
Okawaru accepts your kill.
You feel better. You block the orc warrior's attack.
Your Invocations skill increases to level 1!
You closely miss the orc warrior.
The orc warrior is lightly wounded.
The orc warrior hits you with a +0 halberd!
You hit the orc warrior but do no damage.
The orc warrior is lightly wounded.
The orc warrior hits you but does no damage.
You closely miss the orc warrior.
The orc warrior is lightly wounded.
The orc warrior hits you with a +0 halberd.
You completely miss the orc warrior.
The orc warrior is lightly wounded.
The orc warrior hits you with a +0 halberd.
You slash the orc warrior!
The orc warrior is heavily wounded.
The orc warrior hits you with a +0 halberd!
You barely miss the orc warrior.
The orc warrior is heavily wounded.
The orc warrior hits you with a +0 halberd!
* * * LOW HITPOINT WARNING * * *
You closely miss the orc warrior.
The orc warrior is heavily wounded.
The orc warrior closely misses you.
You barely miss the orc warrior.
The orc warrior is heavily wounded.
The orc warrior hits you with a +0 halberd.
* * * LOW HITPOINT WARNING * * *
You closely miss the orc warrior.
The orc warrior is heavily wounded.
The orc warrior hits you with a +0 halberd!
* * * LOW HITPOINT WARNING * * *
You hit the orc warrior but do no damage.
The orc warrior is heavily wounded.
The orc warrior hits you with a +0 halberd!
You die...

~~~~ ~~~ .~ . ##.##
##..# ## #... .....
+.## ##.#####.#.#
#..####...........
##o##.......##....
#@))..#...>.......
#..)######.....##....
....... #........#.#
##..... ###.######
....#.# ##.########
##..#. #...#...... #.
## #...#...... #
#...#....≈≈
#...#..≈≈≈≈


You could see an orc warrior.

Vanquished Creatures
  A black bear (D:4)
  2 sky beasts (D:6)
  An ogre (D:5)
  A phantom (D:4)
  2 centaurs
  5 kobold brigands
  A bullfrog (D:5)
  A scorpion (D:3)
  5 hounds
  A gnoll bouda (D:5)
  An orc priest (D:4)
  5 iguanas
  3 sleepcaps
  9 adders
  3 gnolls (D:5)
  2 river rats
  2 ufetubi
  5 worms
  18 orcs
  17 ball pythons
  13 bats
  10 endoplasms
  5 giant cockroaches
  11 goblins
  7 hobgoblins
  4 jackals
  2 quokkas
  2 frilled lizards
  15 kobolds
  12 rats
166 creatures vanquished.

Notes
Turn   | Place    | Note
-------+----------+-------------------------------------------
     0 | D:1      | MacCMillion the Ghoul Fighter began the quest for the Orb.
     0 | D:1      | Reached XP level 1. HP: 19/19 MP: 0/0
    39 | D:1      | Reached skill level 2 in Axes
    43 | D:1      | Reached XP level 2. HP: 26/26 MP: 1/1
   244 | D:1      | Reached XP level 3. HP: 31/31 MP: 2/2
   736 | D:2      | Reached XP level 4. HP: 38/38 MP: 3/3
   881 | D:2      | Reached skill level 3 in Axes
   964 | D:2      | Noticed Sigmund
  1045 | D:3      | Found a glowing drain.
  1072 | Sewer    | Entered a sewer
  1194 | Sewer    | Noticed a kobold brigand
  1217 | Sewer    | Killed a kobold brigand
  1218 | Sewer    | Reached skill level 4 in Axes
  1218 | Sewer    | Reached XP level 5. HP: 32/45 MP: 4/4
  1478 | Sewer    | Noticed a kobold brigand
  1508 | Sewer    | Killed a kobold brigand
  1509 | Sewer    | Reached XP level 6. HP: 43/51 MP: 5/5
  1664 | Sewer    | Reached skill level 5 in Axes
  1954 | Sewer    | Reached XP level 7. HP: 53/57 MP: 6/6
  2023 | D:3      | Found Raecul's Antique Armour Shop.
  2080 | D:3      | Reached skill level 6 in Axes
  2337 | D:3      | Found Atan's Book Shoppe.
  2563 | D:3      | Found Kennar's Assorted Antiques.
  2714 | D:3      | Found Ekku's Armour Shoppe.
  3037 | D:4      | Reached skill level 7 in Axes
  3311 | D:4      | Reached XP level 8. HP: 36/63 MP: 7/7
  3908 | D:5      | Entered Level 5 of the Dungeon
  3999 | D:5      | Reached skill level 8 in Axes
  4426 | D:5      | Found a sacrificial altar of Ru.
  4436 | D:5      | Reached skill level 9 in Axes
  4530 | D:5      | Found a sparkling altar of Nemelex Xobeh.
  5021 | D:3      | Bought a pair of glowing boots for 195 gold pieces
  5217 | D:6      | Identified the +2 spear of Paarghea {holy, rPois rC+}
  5242 | D:6      | Got the Information on Sculpting
  5622 | D:6      | Reached skill level 10 in Axes
  5622 | D:6      | Reached XP level 9. HP: 52/70 MP: 4/8
  5697 | D:6      | Noticed a moth of wrath
  5700 | D:6      | Found a bloodstained altar of Trog.
  5977 | D:7      | Found a staircase to the Ecumenical Temple.
  5990 | Temple   | Entered the Ecumenical Temple
  6163 | Temple   | Became a worshipper of Warmaster Okawaru
  6266 | D:7      | Reached skill level 1 in Invocations
  6275 | D:7      | Slain by an orc warrior

Illustrated notes

Levels and vault maps discovered:
D:1:      dpeg_arrival_subterranean_lakeside_camping, layout_rooms
D:2:      layout_rooms, kennysheep_donut, minmay_tromino_v4_b, uniq_sigmund,
          uniq_crazy_yiuf_cottage
D:3:      layout_loops_ring, cheibrodos_sewer_entry_sluice, serial_shops,
          nicolae_shop_pleasant_corner_grove, shop,
          nicolae_shop_real_fake_doors, shop, kennysheep_generic_room_3
D:4:      layout_basic
D:5:      layout_cave_pools, mainiacjoe_overflow_tiny_flanked,
          nicolae_overflow_crystal_walls
D:6:      layout_basic, zin_scriptorium, tgw_trog
D:7:      layout_loops_cross, lemuel_coloured_pillars_altar, temple_pool_b,
          serial_rivers, chequers_serial_rivers_room_b,
          chequers_serial_rivers_marsh, chequers_serial_rivers_large_a,
          chequers_serial_rivers_marsh, uniq_pikel, uniq_joseph
Temple:   chequers_temple_sunken

Skill      XL: |  1  2  3  4  5  6  7  8  9 |
---------------+----------------------------+-----
Axes           | 2 4 5 7 10 | 10.0
Shields        | 3 4 |  4.0
Invocations    | 1 |  1.0
Fighting       | |  3.5
Armour         | |  2.9

Action                     |  1- 3 |  4- 6 |  7- 9 || total
---------------------------+-------+-------+-------++-------
  Melee: War axe           |    49 |    13 |   306 ||   368
         Whip              |    70 |   189 |       ||   259
  Throw: Boomerang         |       |       |     3 ||     3
 Armour: Scale mail        |    15 |       |       ||    15
         Chain mail        |    67 |       |       ||    67
         Plate armour      |    21 |    98 |   233 ||   352
  Dodge: Dodged            |    61 |    38 |    80 ||   179
  Block: Buckler           |    23 |    29 |    92 ||   144
